 Dungeon Crawl Stone Soup version 0.28-a0-1524-ge72afd5fc6 (webtiles) character file.

Game seed: 11494101601783757665

3457 knot the Cleaver (level 9, 0/103 HPs)
             Began as a Demonspawn Berserker on Jan 18, 2022.
             Was a Priest of Trog.
             Engulfed by a cloud of steam (1 damage)
             ... on level 8 of the Dungeon.
             The game lasted 00:14:51 (12834 turns).

knot the Cleaver (Demonspawn Berserker)            Turns: 12834, Time: 00:14:51

Health: 0/103      AC:  9    Str: 18    XL:     9   Next: 78%
Magic:  9/9        EV: 11    Int: 18    God:    Trog [***...]
Gold:   286        SH:  0    Dex: 13    Spells: 8/8 levels left

rFire   . . .      SeeInvis .   z - +4 hand axe (freeze)
rCold   . . .      Faith    .   (no shield)
rNeg    . . .      Spirit   .   f - +0 acid dragon scales
rPois   .          Reflect  .   B - +0 helmet
rElec   .          Harm     .   s - +0 cloak
rCorr   +          Rampage  .   (no gloves)
Will    .....                   b - +0 pair of boots
Stlth   ..........              (no amulet)
HPRegen 0.27/turn               (no ring)
MPRegen 0.11/turn               (no ring)

@: berserking, very quick
A: big brain 3, weakness stinger 1, robust 1
a: Renounce Religion, Berserk, Trog's Hand


You were on level 8 of the Dungeon.
You worshipped Trog.
Trog was most pleased with you.
You visited 1 branch of the dungeon, and saw 8 of its levels.
You also visited: Ossuary.

You collected 286 gold pieces.

Inventory:

Hand Weapons
 a - a +0 hand axe
 w - the +6 hunting sling "Esuq" {freeze, Dex+7}
   (You found it on level 6 of the Dungeon)

   Any ammunition fired from it freezes those it strikes, dealing additional
   cold damage.
   It can also slow down cold-blooded creatures.
   Dex:       It affects your dexterity (+7).
 z - a +4 hand axe of freezing (weapon)
Missiles
 c - 79 sling bullets
 d - 3 boomerangs (quivered)
 g - 8 poisoned darts
 h - 184 stones
Armour
 b - a +0 pair of boots (worn)
 f - +0 acid dragon scales (worn)
 s - a +0 cloak (worn)
 B - a +0 helmet (worn)
Wands
 n - a wand of mindburst (2)
 v - a wand of iceblast (8)
 x - a wand of polymorph (15)
 y - a wand of flame (16)
Scrolls
 e - 7 scrolls of identify
 i - a scroll of silence
 j - 5 scrolls of blinking
 k - a scroll of holy word
 m - 3 scrolls of fear
 q - 3 scrolls of teleportation
Potions
 l - a potion of haste
 o - 2 potions of lignification
 p - 2 potions of mutation
 r - 3 potions of heal wounds
 t - a potion of curing
 u - a potion of ambrosia {unknown}
 A - a potion of flight {unknown}


   Skills:
 - Level 3.0 Fighting
 * Level 11.4 Axes
 * Level 6.2 Throwing
 - Level 1.7 Armour
 - Level 1.7 Dodging


You had 8 spell levels left.
You didn't know any spells.
Your spell library contained the following spells:

 Spells                   Type           Power      Damage    Failure   Level
 Blade Hands              Tmut           0%         N/A       95%         5
 Irradiate                Conj/Tmut      0%         3d13      95%         5
 Dragon Form              Tmut           0%         N/A       100%        7


Dungeon Overview and Level Annotations

Branches:
Dungeon (8/15)             Temple (0/1) D:4         Ossuary (visited)
   Lair: D:8-11

Altars:
Cheibriados
Gozag
Hepliaklqana
Kikubaaqudgha
Trog
Vehumet
Wu Jian
Yredelemnul

Shops:
D:5 *   D:6 ?


Innate Abilities, Weirdness & Mutations

You have an absolutely massive brain. (Int +6, Wiz)
You have a small tail.
You are robust. (+10% HP)


Message History

Trog accepts your kill.
You completely miss the gnoll.
You hit the gnoll sergeant but do no damage.
Unknown command.
You slash the gnoll! You freeze the gnoll.
You kill the gnoll!
Trog accepts your kill.
You hit the gnoll sergeant. You freeze the gnoll sergeant.
The gnoll sergeant hits you with a +0 spear.
* * * LOW HITPOINT WARNING * * *
Unknown command.
You slash the steam dragon! You freeze the steam dragon.
The steam dragon is heavily wounded.
You barely miss the gnoll sergeant. You barely miss the steam dragon.
You tail-slap the steam dragon!
The steam dragon is almost dead.
You hit the gnoll sergeant but do no damage.
The steam dragon breathes steam at you. The ball of steam hits you!
* * * LOW HITPOINT WARNING * * *
Unknown command.
You slash the gnoll sergeant! You freeze the gnoll sergeant.
The gnoll sergeant is severely wounded.
You slash the steam dragon! You freeze the steam dragon.
You kill the steam dragon!
Trog accepts your kill.
The steam dragon scales are intact enough to wear.
You are engulfed in a cloud of scalding steam.
The gnoll sergeant hits you with a +0 spear.
* * * LOW HITPOINT WARNING * * *
You closely miss the gnoll sergeant.
The gnoll sergeant is severely wounded.
You are engulfed in a cloud of scalding steam.
* * * LOW HITPOINT WARNING * * *
Unknown command.
You slash the gnoll sergeant! You freeze the gnoll sergeant.
You kill the gnoll sergeant!
Trog accepts your kill.
You are engulfed in a cloud of scalding steam.
You die...

#.. ..... .. ##...
....##.....
.....## ......##..
##.....##....##...
.......#..###§.§#
#.<.......§#
####.§.§.§##
##§§§#.... #)@.§#
..# #[§§§# ......#
#........
##........
.....#.....
......###...
........ ...


There were no monsters in sight!

Vanquished Creatures
  Grinder (D:4)
  Sigmund (D:3)
  4 yaks (D:7)
  2 steam dragons
  A sky beast (D:6)
  3 phantoms
  4 elf zombies (Ossuary)
  3 bullfrogs
  A scorpion (D:6)
  2 gnoll sergeants
  3 jellies (D:6)
  4 wights (D:7)
  4 electric eels (D:6)
  3 howler monkeys
  3 centaur zombies
  A bullfrog zombie (D:5)
  5 hounds
  3 orc priests
  A bullfrog skeleton (D:6)
  A centaur skeleton (D:7)
  Ijyb (D:3)
  An orc wizard (D:2)
  A hound skeleton (D:5)
  2 mummies (Ossuary)
  10 gnolls
  8 adders
  An adder zombie (Ossuary)
  5 worms
  3 dart slugs
  9 orcs
  6 bats
  5 endoplasms
  8 giant cockroaches
  7 goblins
  6 hobgoblins
  4 jackals (D:1)
  4 kobolds
  3 quokkas (D:4)
  8 ball pythons
  5 frilled lizards
  2 goblin zombies (Ossuary)
  9 hobgoblin zombies (Ossuary)
  A jackal skeleton (D:4)
  8 kobold zombies (Ossuary)
  9 orc zombies (Ossuary)
  5 rats
  2 rat zombies (Ossuary)
183 creatures vanquished.

Vanquished Creatures (others)
  9 plants (D:6)
9 creatures vanquished.

Grand Total: 192 creatures vanquished

Notes
Turn   | Place    | Note
-------+----------+-------------------------------------------
     0 | D:1      | knot the Demonspawn Berserker began the quest for the Orb.
     0 | D:1      | Reached XP level 1. HP: 18/18 MP: 1/1
     6 | D:1      | Noticed a felid
     9 | D:1      | Noticed a tengu
    11 | D:1      | Noticed a tengu
    17 | D:1      | Noticed a minotaur skeleton
   200 | D:1      | Reached skill level 3 in Axes
   328 | D:1      | Gained mutation: You have a small tail. [demonic ancestry]
   328 | D:1      | Reached XP level 2. HP: 22/24 MP: 2/2
   350 | D:1      | Found a faded altar of an unknown god.
   863 | D:2      | Reached XP level 3. HP: 29/29 MP: 3/3
   871 | D:2      | Reached ** piety under Trog
   872 | D:2      | Reached skill level 4 in Axes
   877 | D:2      | Gained mutation: You have an unusually large brain. (Int
                  | +2) [demonic ancestry]
   877 | D:2      | Reached XP level 4. HP: 6/35 MP: 4/4
  1743 | D:2      | Reached skill level 5 in Axes
  2647 | D:3      | Gained mutation: You have an extremely huge brain. (Int +4)
                  | [demonic ancestry]
  2647 | D:3      | Reached XP level 5. HP: 36/41 MP: 5/5
  2873 | D:3      | Noticed Ijyb
  2885 | D:3      | Killed Ijyb
  3611 | D:3      | Noticed Sigmund
  3863 | D:3      | Gained mutation: You are dopey. (Int -2) [potion of
                  | mutation]
  3875 | D:3      | Killed Sigmund
  3876 | D:3      | Reached skill level 6 in Axes
  3876 | D:3      | Reached XP level 6. HP: 44/47 MP: 6/6
  4208 | D:3      | Lost mutation: You are dopey. (Int -2) [potion of mutation]
  4208 | D:3      | Gained mutation: You are robust. (+10% HP) [potion of
                  | mutation]
  4544 | D:4      | Found a hazy altar of Hepliaklqana.
  4545 | D:4      | Found a radiant altar of Vehumet.
  4545 | D:4      | Found an ornate altar of the Wu Jian Council.
  4564 | D:4      | Noticed Grinder
  4573 | D:4      | Paralysed by Grinder for 6 turns
  4574 | D:4      | Reached skill level 7 in Axes
  4595 | D:4      | Killed Grinder
  4596 | D:4      | Reached XP level 7. HP: 10/57 MP: 7/7
  5013 | D:4      | Found a staircase to the Ecumenical Temple.
  5027 | D:4      | Found a sand-covered staircase.
  5060 | Ossuary  | Entered an ossuary
  5227 | Ossuary  | Reached skill level 8 in Axes
  5752 | Ossuary  | Reached *** piety under Trog
  5774 | Ossuary  | Reached skill level 9 in Axes
  5774 | Ossuary  | Reached XP level 8. HP: 48/63 MP: 8/8
  7024 | D:5      | Entered Level 5 of the Dungeon
  7950 | D:5      | Found an opulent altar of Gozag.
  7950 | D:5      | Found an ancient bone altar of Kikubaaqudgha.
  8336 | D:5      | Found Pedd's General Store.
  8575 | D:5      | Found a snail-covered altar of Cheibriados.
  8611 | D:5      | Reached skill level 1 in Throwing
  8982 | D:6      | Identified the +6 hunting sling "Esuq" {freeze, Dex+7}
  9564 | D:6      | Found a basalt altar of Yredelemnul.
  9627 | D:6      | Found a bloodstained altar of Trog.
  9781 | D:6      | Reached skill level 10 in Axes
 10153 | D:6      | Found Tusiv's Magic Scroll Emporium.
 10971 | D:6      | Gained mutation: You have an absolutely massive brain. (Int
                  | +6, Wiz) [demonic ancestry]
 10971 | D:6      | Reached XP level 9. HP: 69/69 MP: 9/9
 11553 | D:7      | Reached skill level 5 in Throwing
 11557 | D:7      | Reached skill level 11 in Axes
 11560 | D:7      | HP: 3/69 [yak (12)]
 12831 | D:8      | HP: 5/103 [steam dragon/ball of steam (12)]
 12833 | D:8      | HP: 1/103 [something (3)]
 12834 | D:8      | Engulfed by a cloud of steam

Illustrated notes

Levels and vault maps discovered:
D:1:      shiori_arrival_whats_in_store_for_you, layout_rooms,
          shapermc_ecumenical_altar_mp_vishouse
D:2:      layout_basic
D:3:      layout_basic, uniq_ijyb, uniq_sigmund
D:4:      minmay_skewed_foursquare, layout_cave_pods,
          chequers_temple_overflow_statue_of_worship, temple_statues,
          nicolae_ossuary_entry_false_entrances, uniq_grinder
D:5:      layout_gridville, mainiacjoe_overflow_alcove_4,
          gammafunk_temple_overflow_wave, serial_shops, nicolae_shop_statue_plus
D:6:      layout_basic, mainiacjoe_overflow_six_doors_small,
          mainiacjoe_overflow_catwalk, cheibrodos_sewer_entry_bend,
          serial_shops, nicolae_shop_hallway_plus, serial_bayou,
          serial_bayou_ford_a, serial_bayou_lagoon_b, serial_bayou_pond_e,
          serial_bayou_pond_b
D:7:      layout_basic
D:8:      layout_cave_pools

Skill      XL: |  1  2  3  4  5  6  7  8  9 |
---------------+----------------------------+-----
Axes           | 3 4 5 6 7 9 10 11 | 11.4
Throwing       | 3 6 |  6.2
Fighting       | |  3.0
Armour         | |  1.7
Dodging        | |  1.7

Action                   |  1- 3 |  4- 6 |  7- 9 || total
-------------------------+-------+-------+-------++-------
Melee: Hand axe          |    71 |   144 |   299 ||   514
       Punch             |     1 |     1 |     2 ||     4
       Tailslap          |     6 |    17 |    52 ||    75
 Fire: Hunting sling     |       |       |   163 ||   163
Throw: Dart              |       |     2 |     7 ||     9
       Boomerang         |       |       |     1 ||     1
Invok: Berserk           |     2 |     8 |     6 ||    16
       Trog's Hand       |       |     3 |     3 ||     6
Evoke: Wand              |       |       |     1 ||     1
  Use: Potion            |       |     5 |     5 ||    10
       Scroll            |       |     7 |     5 ||    12
 Stab: Distracted        |       |     1 |       ||     1
       Sleeping          |       |     1 |       ||     1
Armor: Animal skin       |    19 |    13 |       ||    32
       Acid dragon scale |       |     9 |   130 ||   139
       Ring mail         |       |     3 |       ||     3
Dodge: Dodged            |    38 |    93 |   204 ||   335

Table legend: (Time is in decaauts)
 A = Elapsed time spent in this place.
 B = Non-inter-level travel time spent in this place.
 C = Inter-level travel time spent in this place.
 D = Time resting spent in this place.
 E = Time spent auto-exploring this place.
 F = Levels seen in this place.
 G = Mean time per level.
                   A        B        C        D        E       F      G
               +--------+--------+--------+--------+--------+-----+--------+
         Total |  12970 |  12450 |    520 |   4945 |   6053 |   9 | 1441.1 |
       Dungeon |  11984 |  11464 |    520 |   4515 |   5702 |   8 | 1498.0 |
       Ossuary |    985 |    985 |      0 |    429 |    351 |   1 |  985.0 |
               +--------+--------+--------+--------+--------+-----+--------+

Top non-repeatable levels by time:
     D:2: 2477 daAuts
     D:6: 2325 daAuts
     D:4: 2129 daAuts
     D:3: 1477 daAuts
     D:7: 1383 daAuts
     D:5: 1362 daAuts
 Ossuary: 985 daAuts
     D:1: 802 daAuts
     D:8: 26 daAuts
